 Dungeon Crawl Stone Soup version 0.26.1-11-gd32895ea62 (webtiles) character file.

Game seed: 7363565315436756020

43 Almogavar the Conjurer (level 3, -4/26 HPs)
             Began as a Draconian Conjurer on May 29, 2021.
             Slain by an adder (5 damage)
             ... on level 1 of the Dungeon.
             The game lasted 00:06:55 (1622 turns).

Almogavar the Conjurer (Draconian Conjurer)         Turns: 1622, Time: 00:06:56

Health: -4/26      AC:  5    Str:  9    XL:     3   Next: 37%
Magic:  1/6        EV: 12    Int: 19    God:
Gold:   69         SH:  0    Dex:  9    Spells: 3/6 levels left

rFire    . . .     SeeInvis .   d - +0 hand axe
rCold    . . .     Faith    .   (no shield)
rNeg     + . .     Spirit   .   (armour unavailable)
rPois    .         Reflect  .   (helmet restricted)
rElec    .         Harm     .   (no cloak)
rCorr    .         Rampage  .   (no gloves)
Will     .....                  (no boots)
Stlth    ++........             (no amulet)
HPRegen  0.08/turn              f - ring of positive energy
MPRegen  0.10/turn              (no ring)

@: lethally poisoned (-4 -> -7)
A: unfitting armour, cold-blooded, AC +5
a: no special abilities


You were on level 1 of the Dungeon.
You visited 1 branch of the dungeon, and saw 2 of its levels.

You collected 69 gold pieces.

Inventory:

Hand Weapons
 d - a +0 hand axe (weapon)
Jewellery
 f - a ring of positive energy (left hand)
Scrolls
 a - a scroll of amnesia
 c - a scroll of teleportation
 e - a scroll of fog


   Skills:
 - Level 0.1 Axes
 + Level 2.1 Dodging
 + Level 1.8 Stealth
 + Level 2.3 Spellcasting
 + Level 4.8 Conjurations


You had 3 spell levels left.
You knew the following spells:

 Your Spells              Type           Power        Failure   Level
a - Magic Dart            Conj           80%          2%          1
b - Searing Ray           Conj           40%          3%          2

Your spell library contained the following spells:

 Spells                   Type           Power        Failure   Level
 Dazzling Flash           Conj/Hex       22%          19%         3
 Fulminant Prism          Conj/Hex       5%           52%         4
 Iskenderun's Mystic Bla  Conj/Tloc      11%          52%         4


Dungeon Overview and Level Annotations

Branches:
Dungeon (2/15)

Altars:


Innate Abilities, Weirdness & Mutations

Your plain brown scales are hard. (AC +5)
You cannot fit into any form of body armour.
You are cold-blooded and may be slowed by cold attacks.


Message History

The adder is heavily wounded.
You feel sick. The adder barely misses you. x2
You barely miss the adder.
The adder is heavily wounded.
The adder bites you.
* * * LOW HITPOINT WARNING * * *
You hit the adder.
The adder is almost dead.
The adder barely misses you. The adder bites you.
* * * LOW HITPOINT WARNING * * *
You aren't carrying any potions.
You barely miss the adder.
The adder is almost dead.
* * * LOW HITPOINT WARNING * * *
You feel sick. The adder barely misses you.
The adder bites you but does no damage.
You hit the adder but do no damage.
Your tail-slap misses the adder.
The adder is almost dead.
The adder bites you.
You die...

#.........# ###### #.........#
##....# ###.........# ####.....#
............# #........#
###.........# #........####
###.##....# #............
#####.######## ###^......###
.............##########.....#....
...####.####....@S...............
####...)...####..######..(..#####
#.............##...........).#
...............#########...#.##
.......⌠........# #...#..###
......⌠>⌠.......# #.÷.#.....
.......⌠........# #...#.....
................# #####.....
...............## #.....


You could see an adder.

Vanquished Creatures
  4 dart slugs (D:1)
  2 giant cockroaches (D:1)
  6 goblins (D:1)
  4 hobgoblins (D:1)
  5 jackals
  4 bats (D:1)
  2 frilled lizards (D:1)
  A kobold (D:1)
  5 rats (D:1)
33 creatures vanquished.

Notes
Turn   | Place    | Note
-------+----------+-------------------------------------------
     0 | D:1      | Almogavar the Draconian Conjurer began the quest for the
                  | Orb.
     0 | D:1      | Reached XP level 1. HP: 14/14 MP: 3/3
   382 | D:1      | Reached XP level 2. HP: 14/20 MP: 0/5
   443 | D:1      | Learned a level 2 spell: Searing Ray
   926 | D:1      | Reached XP level 3. HP: 26/26 MP: 2/6
  1621 | D:1      | HP: 1/26 [poisoned by an adder]
  1622 | D:1      | Slain by an adder

Illustrated notes

Levels and vault maps discovered:
D:1:      dpeg_arrival_three_bigger_balls, layout_basic,
          hangedman_abyss_or_decor_lesser_grid
D:2:      layout_basic, old_standard_altar, lemuel_round_altar, uniq_terence

Skill      XL: |  1  2 |
---------------+-------+-----
Dodging        | 2 |  2.1
Axes           | |  0.1
Stealth        | |  1.8
Spellcasting   | |  2.3
Conjurations   | |  4.8

Action                   || total
-------------------------++-------
Melee: Hand axe          ||    20
 Cast: Magic Dart        ||    61
       Searing Ray       ||     6
  Use: Scroll            ||     3
Armor: Skin              ||    12
Dodge: Dodged            ||    35
